 Dungeon Sprint DCSS version 0.29.1-2-gbd0b4ee654 (webtiles) character file.

Game seed: 6240157091894866203

5500000 Ashen the Intangible (level 27, 0/228 HPs)
             Began as a Djinni Warper on Oct 25, 2022.
             Was the Champion of Makhleb.
             Slain by a destroyer
             ... wielding a +9 vorpal great sword
              (169 damage)
             ... in the Dungeon (Sprint VIII: "Arena of Blood").
             The game lasted 00:04:25 (55 turns).

Ashen the Intangible (Djinni Warper)                  Turns: 55, Time: 00:04:25

Health: 0/228      AC:  6    Str: 10    XL:     27
Gold:   0          EV: 25    Int: 28    God:    Makhleb [******] SH:  0 Dex: 14

rFire   + + .      SeeInvis .   i - +∞ Axe of Woe
rCold   x . .      Faith    .   (shield currently unavailable)
rNeg    . . .      Spirit   .   b - +0 leather armour
rPois   ∞          Reflect  .   (no helmet)
rElec   .          Harm     .   (no cloak)
rCorr   .          Rampage  .   (no gloves)
Will    ++...      NoTele   +   (boots unavailable)
Stlth   +++++++++.              (no amulet)
HPRegen 0.48/turn               (no ring)
MPRegen 0.00/turn               (no ring)

@: death channelling, flying
A: sickness immunity, fire resistance 2, cold vulnerability 1, float, innate
caster, HP casting, extra vitality 1
a: Renounce Religion, Minor Destruction, Lesser Servant of Makhleb, Major
Destruction, Greater Servant of Makhleb


You were in the Dungeon.
You worshipped Makhleb.
Makhleb was exalted by your worship.
You visited 1 branch

Inventory:

Hand Weapons
 a - a +0 hand axe
 i - the +∞ Axe of Woe (weapon)
   (You found it in the Dungeon)
Missiles
 d - 7 boomerangs of dispersal (quivered)
Armour
 b - a +0 leather armour (worn)
Scrolls
 c - 2 scrolls of blinking
Potions
 e - a potion of curing
 f - a potion of heal wounds
 g - a potion of haste
 h - a potion of berserk rage


   Skills:
 O Level 27 Fighting
 O Level 27 Short Blades
 O Level 27 Long Blades
 O Level 27 Axes
 O Level 27 Maces & Flails
 O Level 27 Polearms
 O Level 27 Staves
 O Level 27 Ranged Weapons
 O Level 27 Throwing
 O Level 27 Armour
 O Level 27 Dodging
 O Level 27 Stealth
 O Level 27 Shields
 O Level 27 Unarmed Combat
 O Level 27 Spellcasting
 O Level 27 Invocations
 O Level 27 Evocations


You couldn't memorise any spells.
You knew the following spells:

 Your Spells              Type           Power      Damage    Failure   Level
a - Blink                 Tloc           100%       N/A       0%          2
b - Lesser Beckoning      Tloc           100%       N/A       0%          3
c - Gell's Gravitas       Tloc           100%       N/A       0%          3
d - Teleport Other        Tloc           100%       N/A       0%          3
e - Manifold Assault      Tloc           100%       N/A       0%          5
f - Freeze                Ice            100%       1d11      0%          1
g - Searing Ray           Conj           100%       2d8       0%          2
h - Spider Form           Tmut/Pois      100%       N/A       0%          3
i - Summon Lightning Spi  Summ/Air       100%       N/A       0%          4
j - Sticky Flame          Conj/Fire      100%       2d11      0%          4
k - Lightning Bolt        Conj/Air       56%        1d78      0%          5
l - Dispersal             Tloc           56%        N/A       0%          6
m - Iron Shot             Conj/Erth      56%        9d11      0%          6
n - Death Channel         Necr           56%        N/A       0%          6
o - Spellforged Servitor  Conj/Summ      56%        N/A       0%          7
p - Lehudib's Crystal Sp  Conj/Erth      56%        10d13     1%          8
q - Shatter               Erth           56%        3d42*     1%          9
r - Polar Vortex          Ice            56%        N/A       1%          9
Your spell library was empty.

Dungeon Overview and Level Annotations

Branches:
Dungeon (1/1)

Altars:
Makhleb


Innate Abilities, Weirdness & Mutations

You are immune to sickness and miasma.
You are immune to poison.
Your flesh is very heat resistant. (rF++)
You are vulnerable to cold. (rC-)
You float through the air rather than walking.
You learn spells naturally, not from books.
Your magical power is your life essence.
You have superior vitality. (+4 MHP)


Message History

You slice the bag of meat!!
You fatally mangle the bag of meat.
You kill the bag of meat!
Makhleb accepts your kill.
You slice the meat berserker!!
You chop the meat berserker into pieces.
You kill the meat berserker!
Makhleb accepts your kill.
You feel better.
You slice the bag of meat!!
You cleave the bag of meat in twain.
You kill the bag of meat!
Makhleb accepts your kill.
You feel better.
You slash the sculptor of flesh!
You butcher the sculptor of flesh messily.
You destroy the sculptor of flesh!
Makhleb accepts your kill.
You feel better.
A glowing mist starts to gather... x3
A meat berserker comes into view. It is wielding a +9 battleaxe.
You hear a shout!
The bag of meat hits your spectral bag of meat with a +9 war axe!
The bag of meat hits your spectral meat berserker with a +9 war axe!
The bag of meat completely misses your spectral bag of meat.
A sculptor of flesh comes into view. It is wielding a +9 great sword.
The large bag of meat is engulfed in blazing flames.
The large bag of meat hits your spectral bag of meat with a +9 giant spiked club!!!
The large bag of meat hits your spectral bag of meat with a +9 giant spiked club!!!!
Your spectral bag of meat hits the meat berserker but does no damage.
Something hits your spectral bag of meat!!
Your spectral bag of meat is destroyed!
Something hits your spectral bag of meat!!
A bag of meat comes into view. It is wielding a +9 war axe. x2
The bag of meat hits your spectral bag of meat with a +9 war axe!
You hear a shout!
Your spectral bag of meat closely misses the large abomination.
Your spectral bag of meat hits the meat berserker.
Your spectral bag of meat barely misses the large abomination.
You hear a shout!
Your spectral bag of meat hits the large abomination but does no damage.
The destroyer hits you with a +9 vorpal great sword!!!!!
Ouch! That really hurt!
You die...

)#..○.○)))§..)°°§.
Z.)o.§OOz###.)Z)..
..Z###ZZ)Z)o.###o
VO..#ZZ.ZZ))# o○
Z.ZV#..Z.O).#ZO○
.XZZ)))..)..Z☼o°
.ZZ)...ZZ..ZZZ..
...Z...ZZV.Z.°.Z#
.....).)@Z)ZO)##.
...)#..).)ZZZ#)).
..........Z.Z# z.
..##.#..)ZZZO).. .
.........ZoZ.
#....#.....####
.............
..............


You could see 3 destroyers, a sculptor of flesh, 2 large bags of meat, a large
abomination (summoned, ally target), 5 meat berserkers, 5 bags of meat, 25
friendly spectral bags of meat, 13 friendly spectral meat berserkers and 2
friendly spectral large bags of meat.

Vanquished Creatures
  7 vampire knights (D)
  25 ogres (D)
  12 two-headed ogres (D)
  3 liches (D)
  2 hydras (D)
  72 orcs (D)
  7 skeletal warriors (D)
128 creatures vanquished.

Vanquished Creatures (collateral kills)
  An orc (D)
1 creature vanquished.

Grand Total: 129 creatures vanquished

Notes
Turn   | Place    | Note
-------+----------+-------------------------------------------
     0 | D        | Found the +∞ Axe of Woe
     0 | D        | Ashen the Djinni Warper began the quest for the Orb.
     0 | D        | Ashen set off with the following spells memorised: Blink,
                  | Lesser Beckoning, Gell's Gravitas, Teleport Other, Manifold
                  | Assault.
     0 | D        | Reached XP level 1. HP: 18/18 MP: 0/0
     1 | D        | Noticed a bag of meat
     1 | D        | Noticed a bag of meat
     3 | D        | Noticed a bag of meat
     3 | D        | Became a worshipper of Makhleb the Destroyer
     3 | D        | Noticed a bag of meat
     5 | D        | Noticed a bag of meat
     5 | D        | Noticed a bag of meat
     5 | D        | Noticed a bag of meat
     6 | D        | Killed a bag of meat
     6 | D        | Noticed a bag of meat
     6 | D        | Noticed a meat berserker
     6 | D        | Noticed a bag of meat
     7 | D        | Reached skill level 10 in Axes
     7 | D        | Reached XP level 2. HP: 38/38 MP: 0/0
     7 | D        | Reached XP level 3. HP: 43/43 MP: 0/0
     7 | D        | Learned a level 1 spell: Freeze
     7 | D        | Reached XP level 4. HP: 49/49 MP: 0/0
     7 | D        | Reached XP level 5. HP: 55/55 MP: 0/0
     7 | D        | Learned a level 2 spell: Searing Ray
     7 | D        | Reached XP level 6. HP: 61/61 MP: 0/0
     7 | D        | Reached XP level 7. HP: 67/67 MP: 0/0
     7 | D        | Learned a level 3 spell: Spider Form
     7 | D        | Reached XP level 8. HP: 72/72 MP: 0/0
     7 | D        | Reached XP level 9. HP: 77/77 MP: 0/0
     7 | D        | Learned a level 4 spell: Summon Lightning Spire
     7 | D        | Reached XP level 10. HP: 84/84 MP: 0/0
     7 | D        | Reached XP level 11. HP: 89/89 MP: 0/0
     7 | D        | Learned a level 4 spell: Sticky Flame
     7 | D        | Killed a bag of meat
     7 | D        | Reached * piety under Makhleb
     7 | D        | Killed a bag of meat
     7 | D        | Noticed a bag of meat
     7 | D        | Noticed a bag of meat
     7 | D        | Noticed a bag of meat
     8 | D        | Reached skill level 15 in Fighting
     8 | D        | Reached XP level 12. HP: 41/102 MP: 0/0
     8 | D        | Reached XP level 13. HP: 43/107 MP: 0/0
     8 | D        | Learned a level 5 spell: Lightning Bolt
     8 | D        | Killed a bag of meat
     8 | D        | Killed a bag of meat
     8 | D        | Reached ** piety under Makhleb
     8 | D        | Noticed a meat berserker
     8 | D        | Noticed a bag of meat
     9 | D        | Reached XP level 14. HP: 48/117 MP: 0/0
     9 | D        | Killed a meat berserker
     9 | D        | Noticed a meat berserker
     9 | D        | Noticed a meat berserker
     9 | D        | Noticed a bag of meat
     9 | D        | Noticed a bag of meat
    10 | D        | Reached skill level 15 in Axes
    10 | D        | Killed a meat berserker
    10 | D        | Killed a bag of meat
    10 | D        | Reached *** piety under Makhleb
    10 | D        | Noticed a bag of meat
    11 | D        | Reached skill level 15 in Spellcasting
    11 | D        | Reached XP level 15. HP: 108/130 MP: 0/0
    11 | D        | Learned a level 6 spell: Dispersal
    12 | D        | Reached XP level 16. HP: 139/139 MP: 0/0
    12 | D        | Reached **** piety under Makhleb
    13 | D        | Noticed a meat berserker
    14 | D        | Killed a meat berserker
    14 | D        | Reached ***** piety under Makhleb
    14 | D        | Killed a meat berserker
    15 | D        | Reached XP level 17. HP: 153/153 MP: 0/0
    15 | D        | Learned a level 6 spell: Iron Shot
    16 | D        | Reached XP level 18. HP: 161/161 MP: 0/0
    17 | D        | Noticed a large bag of meat
    18 | D        | Killed a meat berserker
    18 | D        | Noticed a meat berserker
    19 | D        | Reached skill level 27 in Dodging
    19 | D        | Reached ****** piety under Makhleb
    19 | D        | Noticed a large bag of meat
    20 | D        | Killed a large bag of meat
    20 | D        | Noticed a meat berserker
    21 | D        | Reached skill level 27 in Fighting
    21 | D        | Reached skill level 27 in Armour
    21 | D        | Reached XP level 19. HP: 174/174 MP: 0/0
    21 | D        | Learned a level 6 spell: Death Channel
    22 | D        | Reached skill level 27 in Axes
    23 | D        | Killed a large bag of meat
    23 | D        | Killed a meat berserker
    24 | D        | Reached skill level 27 in Spellcasting
    24 | D        | Reached XP level 20. HP: 181/181 MP: 0/0
    24 | D        | Noticed a destroyer
    24 | D        | Killed a destroyer
    25 | D        | Reached XP level 21. HP: 187/187 MP: 0/0
    25 | D        | Learned a level 7 spell: Spellforged Servitor
    25 | D        | Killed a meat berserker
    25 | D        | Noticed a destroyer
    25 | D        | Noticed a meat berserker
    25 | D        | Noticed a large bag of meat
    26 | D        | Killed a meat berserker
    26 | D        | Killed a large bag of meat
    26 | D        | Killed a destroyer
    26 | D        | Noticed a large bag of meat
    27 | D        | Reached skill level 10 in Maces & Flails
    27 | D        | Reached skill level 10 in Polearms
    27 | D        | Reached skill level 10 in Ranged Weapons
    27 | D        | Reached XP level 22. HP: 194/194 MP: 0/0
    27 | D        | Killed a large bag of meat
    27 | D        | Noticed a meat berserker
    27 | D        | Noticed a meat berserker
    28 | D        | Killed a meat berserker
    28 | D        | Killed a meat berserker
    28 | D        | Noticed a meat berserker
    28 | D        | Noticed a large bag of meat
    28 | D        | Noticed a meat berserker
    29 | D        | Reached XP level 23. HP: 201/201 MP: 0/0
    29 | D        | Learned a level 8 spell: Lehudib's Crystal Spear
    29 | D        | Killed a large bag of meat
    30 | D        | Reached skill level 15 in Short Blades
    30 | D        | Reached skill level 15 in Long Blades
    30 | D        | Reached skill level 15 in Staves
    30 | D        | Noticed a destroyer
    30 | D        | Killed a destroyer
    31 | D        | Reached skill level 15 in Maces & Flails
    31 | D        | Reached skill level 15 in Polearms
    31 | D        | Reached skill level 15 in Ranged Weapons
    31 | D        | Reached XP level 24. HP: 208/208 MP: 0/0
    33 | D        | Noticed a large bag of meat
    34 | D        | Killed a large bag of meat
    34 | D        | Noticed a large bag of meat
    34 | D        | Noticed a large bag of meat
    35 | D        | Reached XP level 25. HP: 214/214 MP: 0/0
    35 | D        | Learned a level 9 spell: Shatter
    36 | D        | Killed a large bag of meat
    36 | D        | Noticed a large bag of meat
    37 | D        | Reached skill level 27 in Stealth
    37 | D        | Killed a large bag of meat
    37 | D        | Noticed a large bag of meat
    38 | D        | Killed a large bag of meat
    39 | D        | Reached XP level 26. HP: 221/221 MP: 0/0
    41 | D        | Noticed a destroyer
    41 | D        | Killed a destroyer
    42 | D        | Killed a large bag of meat
    42 | D        | Noticed a large bag of meat
    43 | D        | Reached XP level 27. HP: 228/228 MP: 0/0
    43 | D        | Learned a level 9 spell: Polar Vortex
    43 | D        | Killed a large bag of meat
    43 | D        | Noticed a tyrant
    44 | D        | Reached skill level 27 in Throwing
    44 | D        | Killed a tyrant
    44 | D        | Noticed a destroyer
    47 | D        | Reached skill level 27 in Unarmed Combat
    47 | D        | Reached skill level 27 in Invocations
    47 | D        | Reached skill level 27 in Evocations
    47 | D        | Noticed a large bag of meat
    48 | D        | Noticed a tyrant
    49 | D        | Killed a tyrant
    50 | D        | Reached skill level 27 in Short Blades
    50 | D        | Reached skill level 27 in Shields
    50 | D        | Noticed a tyrant
    50 | D        | Killed a large bag of meat
    50 | D        | Killed a tyrant
    50 | D        | Noticed a large bag of meat
    51 | D        | Reached skill level 27 in Long Blades
    51 | D        | Reached skill level 27 in Staves
    51 | D        | Noticed a destroyer
    51 | D        | Killed a destroyer
    52 | D        | Reached skill level 27 in Maces & Flails
    52 | D        | Reached skill level 27 in Polearms
    52 | D        | Reached skill level 27 in Ranged Weapons
    52 | D        | Noticed a destroyer
    52 | D        | Noticed a destroyer
    52 | D        | Killed a destroyer
    52 | D        | Killed a destroyer
    53 | D        | Noticed a large bag of meat
    54 | D        | Noticed a destroyer
    54 | D        | Noticed a destroyer
    55 | D        | Slain by a destroyer

Illustrated notes

Levels and vault maps discovered:
D:        meatsprint

Skill      XL: |  1  2  3  4  5  6  7  8  9 10 11 12 13 14 15 16 17 18 19 20 21 22 23 24 25 26 27 |
---------------+----------------------------------------------------------------------------------+-----
Fighting       | 12 15 16 19 20 24 27 | 27.0
Axes           | 10 12 14 16 17 20 21 26 27 | 27.0
Armour         | 11 14 16 19 20 23 24 27 | 27.0
Dodging        | 13 16 18 21 22 25 26 27 | 27.0
Spellcasting   | 9 11 13 15 16 19 24 27 | 27.0
Throwing       | 18 19 20 21 23 24 26 27 | 27.0
Short Blades   | 7 11 14 17 18 20 23 27 | 27.0
Long Blades    | 7 11 14 17 18 20 23 27 | 27.0
Maces & Flails | 6 10 13 15 16 19 21 27 | 27.0
Polearms       | 6 10 13 15 16 19 21 27 | 27.0
Staves         | 6 11 13 16 17 19 22 27 | 27.0
Ranged Weapons | 6 10 12 15 18 21 27 | 27.0
Stealth        | 6 11 13 16 26 27 | 27.0
Shields        | 7 12 14 17 18 21 24 27 | 27.0
Unarmed Combat | 7 12 14 17 18 21 24 27 | 27.0
Invocations    | 7 12 14 17 18 21 24 27 | 27.0
Evocations     | 7 12 14 17 18 21 24 27 | 27.0

Action                   |  1- 3 |  4- 6 |  7- 9 | 10-12 | 13-15 | 16-18 | 19-21 | 22-24 | 25-27 || total
-------------------------+-------+-------+-------+-------+-------+-------+-------+-------+-------++-------
Melee: Executioner's axe |     1 |       |       |     1 |     4 |    10 |    14 |    19 |    68 ||   117
 Cast: Manifold Assault  |       |       |       |       |       |     1 |     4 |     6 |    17 ||    28
       Dispersal         |       |       |       |       |       |     1 |       |       |       ||     1
       Death Channel     |       |       |       |       |       |       |     1 |       |       ||     1
Dodge: Dodged            |       |       |       |       |       |     2 |       |       |       ||     2
